 Dungeon Crawl Stone Soup version 0.22.1-1-ga44c0e5 (webtiles) character file.

2552 Fang the Cleaver (level 9, -3/56 HPs)
             Began as a Gargoyle Berserker on Oct 15, 2018.
             Was a Priest of Trog.
             Killed from afar by a steam dragon (17 damage)
             ... with a ball of steam
             ... on level 7 of the Dungeon.
             The game lasted 00:09:37 (6833 turns).

Fang the Cleaver (Gargoyle Berserker)               Turns: 6833, Time: 00:09:38

Health: -3/56      AC: 19    Str: 20    XL:     9   Next: 56%
Magic:  9/9        EV:  9    Int: 14    God:    Trog [***...]
Gold:   314        SH:  0    Dex: 12    Spells: 8/8 levels left

rFire    . . .     SeeInvis +   x - +2 hand axe (elec)
rCold    . . .     Gourm    .   (no shield)
rNeg     + . .     Faith    +   u - +3 chain mail "Fackodoj" {MR+ Dex+3}
rPois    ∞         Spirit   .   (no helmet)
rElec    +         Reflect  .   (no cloak)
rCorr    .         Harm     .   (no gloves)
MR       +....                  (no boots)
Stlth    ..........             e - amulet of faith
HPRegen  0.18/turn              p - -3 ring of strength (curse)
MPRegen  0.11/turn              b - ring of see invisible

@: brilliant
A: negative energy resistance 1, electricity resistance, unbreathing,
petrification resistance, rot immunity, AC +6
a: Berserk, Trog's Hand, Renounce Religion


You were on level 7 of the Dungeon.
You worshipped Trog.
Trog was most pleased with you.
You were hungry.

You visited 1 branch of the dungeon, and saw 7 of its levels.

You collected 314 gold pieces.

Inventory:

Hand Weapons
 x - a +2 hand axe of electrocution (weapon)
 A - a +0 war axe
Armour
 u - the +3 chain mail "Fackodoj" (worn) {MR+ Dex+3}
   (You found it on level 4 of the Dungeon)

   It affects your dexterity (+3).
   It affects your resistance to hostile enchantments.
Jewellery
 b - a ring of see invisible (right hand)
 e - an amulet of faith (around neck)
 m - an uncursed ring of positive energy
 p - a cursed -3 ring of strength (left hand)
 B - an uncursed amulet of rage
 F - a +3 ring of evasion {unknown}
Scrolls
 d - 2 scrolls of enchant armour {unknown}
 g - 3 scrolls of noise {unknown}
 h - a scroll of fog {unknown}
 k - 3 scrolls of blinking {unknown}
 l - 5 scrolls of identify {unknown}
 n - 5 scrolls of remove curse {unknown}
 r - a scroll of amnesia {unknown}
 s - a scroll of magic mapping {unknown}
 t - a scroll of immolation {unknown}
 v - a scroll of teleportation {unknown}
 y - a scroll of random uselessness {unknown}
 C - a scroll of fear {unknown}
Potions
 a - a potion of magic {unknown}
 f - 4 potions of heal wounds {unknown}
 i - 2 potions of might {unknown}
 j - 3 potions of brilliance
 o - a potion of degeneration {unknown}
 q - a potion of agility {unknown}
 w - a potion of resistance {unknown}
 z - a potion of lignification {unknown}
 E - a potion of invisibility {unknown}
Comestibles
 c - 10 rations


   Skills:
 + Level 6.9 Fighting
 + Level 8.9 Axes
 + Level 5.4 Armour
 + Level 3.9 Dodging
 + Level 2.1 Stealth


You had 8 spell levels left.
You didn't know any spells.
Your spell library was empty.

Dungeon Overview and Level Annotations

Branches:
Dungeon (7/15)             Temple (0/1) D:5

Altars:
Fedhas
Gozag
Vehumet
The Shining One


Innate Abilities, Weirdness & Mutations

You are resistant to torment.
Your stone body is resilient. (AC +6)
You are immune to poison.
You resist negative energy. (rN+)
You are resistant to electric shocks. (rElec)
You can survive without breathing.
You are immune to petrification.
You are immune to rotting.


Message History

The steam dragon bites you but does no damage.
The steam dragon claws you but does no damage.
You closely miss the steam dragon.
The steam dragon is heavily wounded.
A steam dragon comes into view.
The steam dragon closely misses you.
The steam dragon claws you but does no damage.
You hit the steam dragon.
Lightning courses through the steam dragon!
You kill the steam dragon!
Trog accepts your kill.
You are engulfed in a cloud of scalding steam.
The steam dragon breathes steam at you. The ball of steam hits you!
* * * LOW HITPOINT WARNING * * *
It was a potion of brilliance.
You feel clever all of a sudden. The steam dragon breathes steam at you.
The ball of steam hits you!
You die...

.# ..##.###.#.#.##.#.#
...#.#...##.#......#.#
#.#.##.###.#..#.###.#
#......##+#..#.###.#
#.....D#.....#..##.####
###......#.....##.##....#
........§#...........##.#
........§.......#....#..#
........@...#...##...#.##
................##...#.##
....######....#......#.#.
.... #######......#..#.##
... #.......)......>#..<
.. #.....#.....#####...
#.......<...#####...
......#.#(........#...
.......#.#....(....#.##


There were no monsters in sight!

Vanquished Creatures
  The ghost of Ganima the Cudgeler, an amateur MiAE (D:4)
  A hippogriff (D:6)
  A steam dragon (D:7)
  Duvessa (D:5)
  An orc warrior (D:7)
  A sky beast (D:6)
  A phantom (D:6)
  An ogre (D:5)
  5 centaurs
  A big kobold (D:7)
  Blork the orc (D:6)
  A bullfrog (D:6)
  Dowan (D:5)
  A howler monkey (D:6)
  2 crimson imps
  A centaur zombie (D:7)
  3 hounds
  2 orc priests (D:6)
  2 bullfrog skeletons
  3 orc wizards
  2 iguanas
  Natasha (D:2)
  3 worker ants
  A killer bee zombie (D:7)
  A howler monkey zombie (D:6)
  4 gnolls (D:5)
  11 adders
  2 oozes
  2 adder skeletons (D:4)
  3 worms (D:2)
  5 dart slugs
  5 leopard geckos
  18 orcs
  6 ball pythons
  4 bats
  4 giant cockroaches
  7 goblins
  14 hobgoblins
  8 jackals
  4 quokkas
  12 frilled lizards
  10 kobolds
  A leopard gecko skeleton (D:5)
  12 rats
171 creatures vanquished.

Notes
Turn   | Place    | Note
-------+----------+-------------------------------------------
     0 | D:1      | Fang the Gargoyle Berserker began the quest for the Orb.
     0 | D:1      | Reached XP level 1. HP: 14/14 MP: 1/1
   174 | D:1      | Reached XP level 2. HP: 19/19 MP: 2/2
   323 | D:1      | Reached skill level 3 in Axes
   418 | D:1      | Reached XP level 3. HP: 14/24 MP: 3/3
   554 | D:1      | Reached ** piety under Trog
  1191 | D:2      | Reached XP level 4. HP: 9/29 MP: 4/4
  1611 | D:2      | Found a blossoming altar of Fedhas.
  1938 | D:2      | Noticed Natasha
  1948 | D:2      | Killed Natasha
  2036 | D:2      | Reached XP level 5. HP: 33/33 MP: 5/5
  2298 | D:3      | Reached skill level 4 in Axes
  2314 | D:3      | Reached skill level 1 in Stealth
  2394 | D:3      | Reached *** piety under Trog
  3213 | D:3      | Reached XP level 6. HP: 39/39 MP: 6/6
  3338 | D:4      | Reached **** piety under Trog
  3413 | D:4      | Found a runed door.
  3515 | D:4      | Noticed Ganima's ghost (amateur MiAE)
  4004 | D:4      | Got a polished chain mail
  4015 | D:4      | Identified the +3 chain mail "Fackodoj" {MR+ Dex+3} (You
                  | found it on level 4 of the Dungeon)
  4531 | D:4      | Killed Ganima's ghost
  4531 | D:4      | Reached skill level 5 in Axes
  4531 | D:4      | Reached XP level 7. HP: 44/44 MP: 7/7
  4583 | D:5      | Entered Level 5 of the Dungeon
  4616 | D:5      | Reached skill level 5 in Fighting
  4620 | D:5      | Reached skill level 6 in Axes
  4823 | D:5      | Reached XP level 8. HP: 41/50 MP: 8/8
  4898 | D:5      | Found a glowing golden altar of the Shining One.
  4918 | D:5      | Found a staircase to the Ecumenical Temple.
  5078 | D:5      | Found an opulent altar of Gozag.
  5122 | D:5      | Noticed Duvessa
  5122 | D:5      | Noticed Dowan
  5132 | D:5      | Killed Duvessa
  5133 | D:5      | Killed Dowan
  5316 | D:5      | Found a radiant altar of Vehumet.
  5417 | D:6      | Noticed a hippogriff
  5426 | D:6      | Killed a hippogriff
  5426 | D:6      | Reached skill level 7 in Axes
  5627 | D:6      | Reached XP level 9. HP: 54/56 MP: 9/9
  5760 | D:6      | Reached skill level 8 in Axes
  5762 | D:6      | Reached ***** piety under Trog
  6157 | D:6      | Noticed Blork the orc
  6168 | D:6      | Killed Blork the orc
  6477 | D:7      | Reached skill level 5 in Armour
  6833 | D:7      | Killed from afar by a steam dragon

Skill      XL: |  1  2  3  4  5  6  7  8  9 |
---------------+----------------------------+-----
Axes           | 3 4 5 6 7 8 |  8.9
Dodging        | 2 3 |  3.9
Fighting       | 4 5 6 |  6.9
Stealth        | 1 2 |  2.1
Armour         | 3 4 5 |  5.4

Action                   |  1- 3 |  4- 6 |  7- 9 || total
-------------------------+-------+-------+-------++-------
Melee: Hand axe          |   144 |   310 |   184 ||   638
Invok: Berserk           |     1 |     4 |     5 ||    10
  Use: Potion            |       |       |     1 ||     1
 Stab: Distracted        |       |     1 |       ||     1
  Eat: Chunk             |     1 |    15 |     9 ||    25
       Ration            |       |       |     1 ||     1
Armor: Animal skin       |    45 |    93 |       ||   138
       Chain mail        |       |    26 |   115 ||   141
Dodge: Dodged            |    98 |   218 |    75 ||   391
